 Dungeon Crawl Stone Soup version 0.31-a0-473-g61b50ae490 (webtiles) character file.

Game seed: 4938880320203615568

10326 Xavori the Fighter (level 11, 0/89 HPs)
             Began as an Octopode Chaos Knight on Aug 6, 2023.
             Was a Plaything of Xom.
             Killed from afar by a starcursed mass (4 damage)
             ... with an accursed screaming
             ... on level 2 of the Abyss.
             The game lasted 00:17:11 (27792 turns).

Xavori the Fighter (Octopode Chaos Knight)         Turns: 27792, Time: 00:17:12

Health: 0/89       AC:  6    Str: 11      XL:     11   Next: 60%
Magic:  0/11       EV: 16    Int: 20      God:    Xom [..*...]
Gold:   946        SH:  0    Dex: 10 (16) Spells: 8/10 levels left

rFire   . . .        e - +5 short sword of Prudence {heavy, rElec Will- Int+5}
rCold   . . .        (no shield)
rNeg    . . .        p - +1 hat
rPois   .            D - amulet of guardian spirit
rElec   +            m - ring of wizardry
rCorr   .            y - +4 ring of protection
SInv    .            (no ring)
Will    .....        (no ring)
Stlth   ++++         (no ring)
HPRegen 0.00/turn    (no ring)
MPRegen 0.12/turn    (no ring)
                     (no ring)

%: guardian spirit, wizardry (x1)
@: sick
A: almost no armour, amphibious, 8 rings, camouflage 1, gelatinous body 1,
(nimble swimmer 1), tentacles, deterioration 2, passive freeze, regeneration 1,
robust 1, screaming 1, evolution 1, inability to drink after injury 1, inability
to read after injury 1, MP-powered wands
a: Renounce Religion


You were on level 2 of the Abyss.
You worshipped Xom.
You were a toy of Xom.
You visited 1 branch of the dungeon, and saw 10 of its levels.
You visited the Abyss 1 time.
You also visited: Sewer and Ossuary.

You collected 1581 gold pieces.
You spent 635 gold pieces at shops.

Inventory:

Hand Weapons
 a - a +0 short sword of venom
 e - the +5 short sword of Prudence (weapon) {heavy, rElec Will- Int+5}
   (You found it on level 4 of the Dungeon)

   Int:       It affects your intelligence (+5).
   rElec:     It insulates you from electricity.
   Will:      It decreases your willpower.
Missiles
 j - 3 throwing nets
Armour
 p - a +1 hat (worn)
Jewellery
 m - a ring of wizardry (left tentacle)
 y - a +4 ring of protection (right tentacle)
 D - an amulet of guardian spirit (around mantle)
 K - an amulet of faith
Talismans
 c - a maw talisman
 i - a serpent talisman
Wands
 g - a wand of mindburst (9)
 k - a wand of charming (23)
 l - a wand of quicksilver (1)
 u - a wand of digging (7)
 A - a wand of roots (8)
 I - a wand of polymorph (5)
 J - a wand of flame (23)
Scrolls
 b - a scroll of butterflies
 d - 6 scrolls of teleportation
 f - 2 scrolls of blinking {unknown}
 h - a scroll of enchant armour
 n - 2 scrolls of silence
 s - 3 scrolls of poison
 C - a scroll of enchant weapon
 E - 2 scrolls of revelation
 L - 4 scrolls of immolation
Potions
 o - a potion of berserk rage {unknown}
 q - 4 potions of brilliance
 t - 3 potions of cancellation
 v - 2 potions of mutation
 x - a potion of invisibility
 z - a potion of magic
 B - 3 potions of resistance
 F - a potion of lignification
 H - a potion of might {unknown}


   Skills:
 + Level 10.2 Fighting
 - Level 7.7 Short Blades
 + Level 9.4 Dodging
 + Level 7.1 Stealth
 + Level 2.8 Evocations
 * Level 6.7 Shapeshifting


You had 8 spell levels left.
You knew the following spells:

 Your Spells              Type           Power      Damage    Failure   Level
a - Passwall              Tmut/Erth      0%         N/A       12%         2

Your spell library contained the following spells:

 Spells                   Type           Power      Damage    Failure   Level
 Sandblast                Erth           0%         2d4       8%          1
 Ensorcelled Hibernation  Hex/Ice        0%         N/A       12%         2
 Gell's Gravitas          Tloc           0%         N/A       22%         3
 Stone Arrow              Conj/Erth      0%         3d7       22%         3
 Teleport Other           Tloc           0%         N/A       22%         3
 Anguish                  Hex/Necr       0%         N/A       56%         4
 Manifold Assault         Tloc           0%         N/A       56%         4
 Summon Lightning Spire   Summ/Air       0%         N/A       56%         4
 Lee's Rapid Deconstruct  Erth           0%         3d4*      88%         5
 Dispersal                Tloc           0%         N/A       100%        6
 Disjunction              Tloc           0%         N/A       100%        8
 Animate Armour           Summ/Erth      Unusable   N/A       N/A         4

Dungeon Overview and Level Annotations

Branches:
Dungeon (10/15)            Temple (0/1) D:4            Lair (0/5) D:8
    Orc (0/2) D:9           Sewer (visited)         Ossuary (visited)

Altars:
Cheibriados
Fedhas
Hepliaklqana
Kikubaaqudgha
Makhleb
Okawaru
Uskayaw
Xom
Yredelemnul

Shops:
D:8 *

Annotations:
D:3 2 transporters, Farjai's ghost, amateur DsNe
D:7 2 transporters, Menkaure


Innate Abilities, Weirdness & Mutations

You cannot wear most types of armour.
You are amphibious.
You can wear up to eight rings at the same time.
Your skin changes colour to match your surroundings (Stealth+).
Your rubbery body absorbs attacks. (AC +1, EV +1)
((You are camouflaged when in or above water. (Stealth+)))
You have tentacles for arms and can constrict up to eight enemies at once.
Your body often deteriorates upon taking damage.
A frigid envelope surrounds you and freezes all who hurt you.
Your natural rate of healing is unusually fast.
You are robust. (+10% HP)
You occasionally shout uncontrollably at your foes.
You have hidden genetic potential.
You occasionally lose the ability to drink potions when taking damage.
You occasionally lose the ability to read scrolls when taking damage.
You expend magic power (3 MP) to strengthen your wands.


Message History

The harpy skeleton completely resists.
The harpy skeleton completely misses you.
The harpy skeleton misses you.
Unknown command.
You hit the harpy skeleton. You grab the harpy skeleton.
The harpy skeleton is heavily damaged.
You constrict the harpy skeleton. The harpy skeleton claws you!
* * * LOW HITPOINT WARNING * * *
The harpy skeleton resists.
The harpy skeleton is very cold.
The harpy skeleton is severely damaged.
The harpy skeleton barely misses you. The harpy skeleton claws you.
* * * LOW HITPOINT WARNING * * *
The harpy skeleton completely resists.
The harpy skeleton misses you. The harpy skeleton barely misses you.
The harpy skeleton misses you.
Unknown command.
Aiming: Quicksilver Bolt
Press: ? - help, Shift-Dir - straight line, f - harpy skeleton
Aim: a harpy skeleton (severely damaged, constricted by you, 100% to hit)
You feel a slight surge of power.
The bolt of dispelling energy hits the harpy skeleton!
The harpy skeleton is almost destroyed.
You constrict the harpy skeleton. The harpy skeleton claws you!
* * * LOW HITPOINT WARNING * * *
The harpy skeleton resists.
The harpy skeleton is very cold.
The harpy skeleton is almost destroyed.
The harpy skeleton claws you.
* * * LOW HITPOINT WARNING * * *
The harpy skeleton resists.
The harpy skeleton is very cold.
You destroy the harpy skeleton!
You start resting.
A starcursed mass comes into view.
You yell at the starcursed mass!
You hear a shout!
The starcursed mass shrieks in your mind.
* * * LOW HITPOINT WARNING * * *
You feel yourself speed up.
A starcursed mass and a large abomination come into view.
The starcursed mass shrieks in your mind.
You die... "Huh?
Did I miss anything?"

... ...#. . .....
# ..#####
###.#.#.# .
..##...#...##..#
#.....#..X.......
#...##..#.#.
#..#..#. ..
#@#...#..#
##.......#
#....#.##
##..#...#
##...#.# #.#. #
.. .. #. X X.


You could see a starcursed mass.

Vanquished Creatures
  Sonja (D:10)
  Pikel (D:6)
  A guardian serpent (Abyss:2)
  Joseph (D:8)
  Maggie (D:9)
  Psyche (D:8)
  A large abomination (Abyss:2)
  A kobold demonologist (D:9)
  An ancient zyme (Abyss:2)
  A troll (D:8)
  A harpy skeleton (Abyss:2)
  A wyvern (D:9)
  A shadow (Abyss:2)
  Eustachio (D:6)
  8 yaks (D:9)
  A water moccasin (D:6)
  An ice beast (D:10)
  2 orc warriors
  A sky beast (D:7)
  2 wolves (D:8)
  A centaur (D:9)
  An ogre (D:5)
  2 lemures (D:6)
  2 kobold brigands
  3 bullfrogs
  3 scorpions
  17 wights
  5 killer bees (D:9)
  5 howler monkeys
  3 electric eels
  5 jellies (Sewer)
  A quasit (D:6)
  A gnoll bouda (D:7)
  Crazy Yiuf (D:5)
  4 orc priests (D:8)
  7 starcursed masses (Abyss:2)
  8 hounds
  4 iron imps
  Jessica (D:2)
  6 orc wizards
  A sleepcap (D:6)
  Natasha (thrice) (D:2)
  2 iguanas (D:6)
  4 mummies
  9 gnolls
  8 adders
  2 shadow imps
  An ufetubus (D:5)
  An adder zombie (Ossuary)
  6 worms
  3 dart slugs
  27 orcs
  11 ball pythons
  9 endoplasms
  13 giant cockroaches
  11 goblins
  2 hobgoblins
  8 jackals
  13 kobolds
  2 quokkas (D:4)
  4 bats
  5 frilled lizards
  3 goblin zombies
  8 hobgoblin zombies
  3 kobold zombies (Ossuary)
  4 quokka zombies
  10 rats
  5 rat zombies (Ossuary)
287 creatures vanquished.

Vanquished Creatures (collateral kills)
  An iguana (D:5)
  An endoplasm (Sewer)
  2 giant cockroaches (Sewer)
4 creatures vanquished.

Vanquished Creatures (others)
  A killer bee (D:9)
1 creature vanquished.

Grand Total: 292 creatures vanquished

Notes
Turn   | Place    | Note
-------+----------+-------------------------------------------
     0 | D:1      | Xavori the Octopode Chaos Knight began the quest for the
                  | Orb.
     0 | D:1      | Reached XP level 1. HP: 16/16 MP: 1/1
    81 | D:1      | XOM: butterfly on damage
   141 | D:1      | Reached XP level 2. HP: 21/21 MP: 2/2
   241 | D:1      | XOM: butterfly on damage
   382 | D:1      | Reached XP level 3. HP: 25/26 MP: 3/3
   427 | D:1      | Found a faded altar of an unknown god.
   927 | D:1      | XOM is BORED!
   943 | D:1      | XOM: cloud trail
  1570 | D:1      | XOM: noise
  1663 | D:1      | XOM: stat loss: -1 Str (10/11)
  1874 | D:1      | XOM: stat loss: -1 Int (13/14)
  1937 | D:1      | XOM: give mutations
  1937 | D:1      | Gained mutation: You are agile. (Dex +4, Str/Int -1) [Xom's
                  | mischief]
  1937 | D:1      | Gained mutation: You passively map a small area around you.
                  | [Xom's mischief]
  1937 | D:1      | Gained mutation: You are frail. (-10% HP) [Xom's mischief]
  1937 | D:1      | Gained mutation: You possess an exceptional clarity of
                  | mind. [Xom's mischief]
  2035 | D:1      | XOM: give mutations
  2035 | D:1      | Gained mutation: You occasionally lose the ability to read
                  | scrolls when taking damage. [Xom's mischief]
  2035 | D:1      | Lost mutation: You are frail. (-10% HP) [Xom's mischief]
  2900 | D:1      | XOM: give mutations
  2900 | D:1      | Gained mutation: You have very sharp teeth. [Xom's
                  | mischief]
  2900 | D:1      | Lost mutation: You occasionally lose the ability to read
                  | scrolls when taking damage. [Xom's mischief]
  2900 | D:1      | Gained mutation: Your mind is acute. (Int +4, Str/Dex -1)
                  | [Xom's mischief]
  2900 | D:1      | Lost mutation: You are agile. (Dex +4, Str/Int -1) [Xom's
                  | mischief]
  3017 | D:1      | XOM: stat loss: -1 Int (16/18)
  3143 | D:1      | XOM: give mutation
  3143 | D:1      | Gained mutation: You are strong-willed. (Will+) [Xom's
                  | mischief]
  3591 | D:1      | XOM: god gift: scroll labelled MORGHIR YSOARUFUUKE {god
                  | gift}
  3621 | D:1      | XOM: divination: detect items
  3943 | D:1      | XOM: scenery: create altars
  4037 | D:1      | XOM: scenery: summon butterflies
  4438 | D:1      | XOM is BORED!
  4438 | D:1      | XOM: give mutations
  4438 | D:1      | Gained mutation: You have hidden genetic defects. [Xom's
                  | mischief]
  4438 | D:1      | Gained mutation: You are partially covered in iridescent
                  | scales. (AC +2) [Xom's mischief]
  4438 | D:1      | Lost mutation: You are partially covered in iridescent
                  | scales. (AC +2) [Xom's mischief]
  4438 | D:1      | Gained mutation: Your system is resistant to poisons.
                  | (rPois) [Xom's mischief]
  5262 | D:1      | XOM: draining
  5392 | D:1      | XOM: give mutations
  5392 | D:1      | Lost mutation: You passively map a small area around you.
                  | [Xom's mischief]
  5392 | D:1      | Gained mutation: Your muscles are strong. (Str +4, Int/Dex
                  | -1) [Xom's mischief]
  5392 | D:1      | Lost mutation: You have very sharp teeth. [Xom's mischief]
  6140 | D:1      | XOM is BORED!
  6140 | D:1      | XOM: noise
  6233 | D:1      | XOM: divination: detect creatures
  6404 | D:1      | XOM: cloud trail
  7415 | D:1      | XOM: give mutations
  7415 | D:1      | Gained mutation: Your magical capacity is low. (-10% MP)
                  | [Xom's mischief]
  7415 | D:1      | Gained mutation: One of your tentacles bears a spike.
                  | [Xom's mischief]
  7495 | D:1      | XOM is BORED!
  7495 | D:1      | XOM: give mutations
  7495 | D:1      | Gained mutation: You occasionally shout uncontrollably at
                  | your foes. [Xom's mischief]
  7495 | D:1      | Lost mutation: Your muscles are strong. (Str +4, Int/Dex
                  | -1) [Xom's mischief]
  7495 | D:1      | Lost mutation: Your mind is acute. (Int +4, Str/Dex -1)
                  | [Xom's mischief]
  7559 | D:1      | XOM: cloud trail
  7840 | D:1      | XOM: give mutation
  7840 | D:1      | Gained mutation: Your mind is acute. (Int +4, Str/Dex -1)
                  | [Xom's mischief]
  7907 | D:1      | XOM: silly message
  8110 | D:1      | XOM: scenery: create altars
  8229 | D:1      | XOM: scenery: summon butterflies
  9078 | D:1      | XOM: divination: magic mapping
  9800 | D:1      | XOM: give mutation
  9800 | D:1      | Gained mutation: Your magical capacity is very low. (-20%
                  | MP) [Xom's mischief]
  9916 | D:2      | Noticed Jessica
  9922 | D:2      | Killed Jessica
  9923 | D:2      | Reached skill level 1 in Stealth
  9928 | D:2      | Reached XP level 4. HP: 19/29 MP: 3/3
  9930 | D:2      | Gained mutation: You are clumsy. (Dex -2) [hidden defects]
  9991 | D:2      | Noticed Natasha
  9998 | D:2      | Killed Natasha
 10005 | D:2      | Lost mutation: You possess an exceptional clarity of mind.
                  | [hidden defects]
 10005 | D:2      | Lost mutation: You have hidden genetic defects. [hidden
                  | defects expressed]
 10047 | D:2      | XOM: give mutations
 10047 | D:2      | Gained mutation: You occasionally lose the ability to drink
                  | potions when taking damage. [Xom's mischief]
 10047 | D:2      | Gained mutation: You are weak. (Str -2) [Xom's mischief]
 10047 | D:2      | Lost mutation: You occasionally lose the ability to drink
                  | potions when taking damage. [Xom's mischief]
 10047 | D:2      | Lost mutation: You are weak. (Str -2) [Xom's mischief]
 10181 | D:2      | XOM: polymorph ball python -> frilled lizard
 10220 | D:2      | Noticed Natasha
 10233 | D:2      | Killed Natasha
 10234 | D:2      | Reached XP level 5. HP: 15/37 MP: 4/4
 10729 | D:2      | Noticed Natasha
 10736 | D:2      | XOM: cleaving
 10744 | D:2      | Killed Natasha
 11015 | D:2      | Glimpsed the power of Zot.
 11113 | D:2      | XOM: scenery: summon butterflies
 11130 | D:3      | Found a transporter.
 11164 | D:3      | Found a transporter.
 11432 | D:3      | XOM: fog
 11510 | D:3      | XOM: god gift: 990 gold pieces
 11963 | D:3      | Noticed Farjai's ghost (amateur DsNe)
 12121 | D:3      | XOM: divination: detect creatures
 12136 | D:3      | Reached XP level 6. HP: 43/43 MP: 4/4
 12167 | D:3      | XOM: god gift: robe {god gift}
 12504 | D:4      | Found a staircase to the Ecumenical Temple.
 12609 | D:4      | Reached skill level 5 in Stealth
 12626 | D:4      | Identified the +5 short sword of Prudence {heavy, rElec
                  | Will- Int+5}
 12762 | D:4      | XOM: cloud trail
 12764 | D:4      | Found Katreo's Magic Scroll Shoppe.
 12772 | D:4      | Bought a scroll of enchant armour for 97 gold pieces
 12772 | D:4      | Bought a scroll of silence for 123 gold pieces
 12772 | D:4      | Bought a scroll of vulnerability for 52 gold pieces
 12772 | D:4      | Bought a scroll of poison for 52 gold pieces
 12772 | D:4      | Bought a scroll of teleportation for 39 gold pieces
 12772 | D:4      | Bought a scroll of teleportation for 39 gold pieces
 12772 | D:4      | Bought a scroll of teleportation for 39 gold pieces
 12772 | D:4      | Bought a scroll of teleportation for 39 gold pieces
 12797 | D:4      | XOM: give mutations
 12797 | D:4      | Lost mutation: Your magical capacity is very low. (-20% MP)
                  | [Xom's mischief]
 12797 | D:4      | Lost mutation: You are clumsy. (Dex -2) [Xom's mischief]
 12797 | D:4      | Gained mutation: Your muscles are strong. (Str +4, Int/Dex
                  | -1) [Xom's mischief]
 12844 | D:4      | XOM: cloud trail
 12915 | D:4      | Reached skill level 4 in Fighting
 12915 | D:4      | Reached skill level 1 in Shapeshifting
 13117 | D:4      | XOM: cloud trail
 13162 | D:4      | XOM: give mutations
 13162 | D:4      | Lost mutation: Your mind is acute. (Int +4, Str/Dex -1)
                  | [Xom's mischief]
 13162 | D:4      | Gained mutation: You are clumsy. (Dex -2) [Xom's mischief]
 13162 | D:4      | Lost mutation: One of your tentacles bears a spike. [Xom's
                  | mischief]
 13257 | D:5      | Entered Level 5 of the Dungeon
 13272 | D:5      | Found a glowing drain.
 13289 | Sewer    | Entered a sewer
 13290 | Sewer    | XOM: god gift: wand of digging (7)
 13463 | Sewer    | Reached XP level 7. HP: 33/48 MP: 6/6
 13582 | Sewer    | XOM: 3-stop teleportation journey
 13614 | Sewer    | Found a viscous altar of Jiyva.
 13630 | Sewer    | Reached skill level 5 in Short Blades
 13750 | Sewer    | XOM: cloud trail
 13782 | D:5      | XOM: scenery: summon butterflies
 13784 | D:5      | XOM: polymorph butterfly -> river rat
 14297 | D:4      | XOM is BORED!
 14326 | D:4      | XOM: god gift: +4 rapier of chaos
 14461 | D:4      | XOM: give mutations
 14461 | D:4      | Gained mutation: You possess an exceptional clarity of
                  | mind. [Xom's grace]
 14461 | D:4      | Gained mutation: You are robust. (+10% HP) [Xom's grace]
 14461 | D:4      | Gained mutation: Your natural rate of healing is unusually
                  | fast. [Xom's grace]
 14461 | D:4      | Gained mutation: You have a pair of small antennae on your
                  | head. [Xom's grace]
 14624 | D:4      | XOM: give mutations
 14624 | D:4      | Lost mutation: You possess an exceptional clarity of mind.
                  | [Xom's mischief]
 14624 | D:4      | Gained mutation: You passively dampen the noise of your
                  | surroundings. [Xom's mischief]
 14624 | D:4      | Lost mutation: You have a pair of small antennae on your
                  | head. [Xom's mischief]
 14624 | D:4      | Lost mutation: Your magical capacity is low. (-10% MP)
                  | [Xom's mischief]
 15525 | D:4      | XOM: divination: magic mapping
 18198 | D:4      | XOM: noise
 18304 | D:4      | XOM is BORED!
 18304 | D:4      | XOM: give mutations
 18304 | D:4      | Gained mutation: Your body sometimes deteriorates upon
                  | taking damage. [Xom's mischief]
 18304 | D:4      | Gained mutation: Your body often deteriorates upon taking
                  | damage. [Xom's mischief]
 18304 | D:4      | Lost mutation: You are strong-willed. (Will+) [Xom's
                  | mischief]
 18655 | D:4      | XOM: summons 4 hostile demons
 19761 | D:4      | XOM: give mutations
 19761 | D:4      | Gained mutation: You occasionally lose the ability to read
                  | scrolls when taking damage. [Xom's mischief]
 19761 | D:4      | Lost mutation: Your system is resistant to poisons. (rPois)
                  | [Xom's mischief]
 19761 | D:4      | Lost mutation: You passively dampen the noise of your
                  | surroundings. [Xom's mischief]
 19761 | D:4      | Lost mutation: Your muscles are strong. (Str +4, Int/Dex
                  | -1) [Xom's mischief]
 19966 | D:4      | XOM: summons 4 hostile demons
 19967 | D:4      | Noticed a chaos spawn
 19988 | D:5      | XOM is BORED!
 20077 | D:5      | XOM: give mutations
 20077 | D:5      | Gained mutation: You possess an exceptional clarity of
                  | mind. [Xom's grace]
 20077 | D:5      | Gained mutation: You expend magic power (3 MP) to
                  | strengthen your wands. [Xom's grace]
 20236 | D:4      | XOM: scenery: create altars
 20285 | D:4      | XOM: scenery: summon butterflies
 20968 | D:4      | XOM: scenery: summon butterflies
 21579 | D:4      | XOM: god gift: 2 javelins
 21750 | D:4      | XOM: divination: magic mapping
 21779 | D:4      | XOM: scenery: summon butterflies
 21927 | D:4      | XOM: god gift: runed spear {god gift}
 22486 | D:5      | Found a runed translucent door.
 22487 | D:5      | Noticed Crazy Yiuf
 22607 | D:5      | XOM: divination: detect items
 22629 | D:5      | XOM: cloud trail
 23013 | D:5      | Killed Crazy Yiuf
 23014 | D:5      | Reached XP level 8. HP: 39/59 MP: 5/8
 23092 | D:6      | Reached skill level 5 in Fighting
 23245 | D:6      | Noticed Eustachio
 23253 | D:6      | Killed Eustachio
 23271 | D:6      | Noticed Pikel
 23288 | D:6      | XOM: potion effect (brilliance)
 23289 | D:6      | Killed Pikel
 23290 | D:6      | Reached skill level 6 in Fighting
 23290 | D:6      | Reached skill level 5 in Dodging
 23290 | D:6      | Reached XP level 9. HP: 43/68 MP: 6/9
 23319 | D:6      | Found a sand-covered staircase.
 23330 | Ossuary  | Entered an ossuary
 23495 | Ossuary  | XOM: silly message
 23707 | D:6      | Found a snail-covered altar of Cheibriados.
 23708 | D:6      | XOM: polymorph iron imp -> quasit
 23836 | D:6      | Found a burning altar of Makhleb.
 23968 | D:6      | XOM is BORED!
 23974 | D:6      | XOM: silly message
 24152 | D:7      | XOM: silly message
 24162 | D:7      | XOM: cast spell 'Summon Small Mammal'
 24230 | D:7      | XOM: silly message
 24345 | D:7      | Found a transporter.
 24368 | D:7      | Found a transporter.
 24370 | D:7      | Found an ancient bone altar of Kikubaaqudgha.
 24390 | D:7      | Found a basalt altar of Yredelemnul.
 24392 | D:7      | Noticed Menkaure
 24482 | D:7      | Found a hide-covered altar of Uskayaw.
 24693 | D:7      | Reached skill level 7 in Fighting
 24930 | D:7      | XOM: blink monster(s)
 25058 | D:7      | Learned a level 2 spell: Passwall
 25137 | D:8      | Noticed Psyche
 25151 | D:8      | XOM: cast spell 'Leda's Liquefaction'
 25170 | D:8      | XOM: smoke on damage
 25171 | D:8      | Found an iron altar of Okawaru.
 25183 | D:8      | Killed Psyche
 25318 | D:8      | XOM: potion effect (heal wounds)
 25327 | D:8      | Reached XP level 10. HP: 32/76 MP: 3/10
 25329 | D:8      | Reached skill level 5 in Shapeshifting
 25368 | D:8      | Noticed Joseph
 25369 | D:8      | XOM: cleaving
 25376 | D:8      | Lost mutation: You possess an exceptional clarity of mind.
                  | [potion of mutation]
 25376 | D:8      | Lost mutation: You are clumsy. (Dex -2) [potion of
                  | mutation]
 25376 | D:8      | Gained mutation: You occasionally lose the ability to drink
                  | potions when taking damage. [potion of mutation]
 25376 | D:8      | Gained mutation: A frigid envelope surrounds you and
                  | freezes all who hurt you. [potion of mutation]
 25379 | D:8      | HP: 3/72 [Joseph/+0 quarterstaff (3)]
 25381 | D:8      | Killed Joseph
 25382 | D:8      | Reached skill level 8 in Fighting
 25382 | D:8      | Reached skill level 1 in Evocations
 25646 | D:8      | XOM: noise
 25675 | D:8      | Found a staircase to the Lair.
 25975 | D:8      | Found Umnus's Assorted Antiques.
 25983 | D:8      | Bought a scroll of identify for 62 gold pieces
 25983 | D:8      | Bought 3 scrolls labelled USHIUX BEABORPH for 93 gold
                  | pieces
 26030 | D:8      | XOM: divination: detect creatures
 26048 | D:8      | Found a blossoming altar of Fedhas.
 26050 | D:8      | XOM: summons 2 hostile demons
 26619 | D:9      | XOM: fog
 26632 | D:9      | XOM: summons 4 friendly demons
 26654 | D:9      | XOM: smoke on damage
 26706 | D:9      | XOM: smoke on damage
 26712 | D:9      | Reached skill level 9 in Fighting
 26721 | D:9      | XOM: blink monster(s)
 26804 | D:9      | XOM: potion effect (might)
 26819 | D:9      | XOM: summons 3 friendly demons
 26827 | D:9      | XOM: potion effect (brilliance)
 26832 | D:9      | Noticed Maggie
 26841 | D:9      | Killed Maggie
 26842 | D:9      | Reached XP level 11. HP: 85/88 MP: 11/11
 26953 | D:9      | XOM: confuse monster(s)
 26993 | D:9      | XOM: god gift: encrusted gold wand {god gift}
 27189 | D:9      | Found a staircase to the Orcish Mines.
 27220 | D:9      | Found a hazy altar of Hepliaklqana.
 27397 | D:10     | Entered Level 10 of the Dungeon
 27457 | D:10     | XOM: polymorph wyvern -> ice beast
 27473 | D:10     | XOM: cloud trail
 27517 | D:10     | Noticed Sonja
 27524 | D:10     | Killed Sonja
 27524 | Abyss:2  | Cast into level 2 of the Abyss (Sonja)
 27620 | Abyss:2  | Noticed a demonic crawler
 27620 | Abyss:2  | Noticed a death drake
 27622 | Abyss:2  | XOM: fog
 27634 | Abyss:2  | XOM: give mutation
 27634 | Abyss:2  | Gained mutation: You have hidden genetic potential. [Xom's
                  | grace]
 27637 | Abyss:2  | Noticed a starcursed mass
 27651 | Abyss:2  | Killed a starcursed mass
 27651 | Abyss:2  | Killed a starcursed mass
 27674 | Abyss:2  | XOM: enchant monster (good)
 27681 | Abyss:2  | Reached skill level 10 in Fighting
 27690 | Abyss:2  | XOM: butterfly on damage
 27714 | Abyss:2  | Noticed a starcursed mass
 27724 | Abyss:2  | Killed a starcursed mass
 27725 | Abyss:2  | XOM: confuse monster(s)
 27727 | Abyss:2  | Killed a starcursed mass
 27744 | Abyss:2  | XOM: silly message
 27788 | Abyss:2  | HP: 4/89 [starcursed mass/accursed screaming (4)]
 27791 | Abyss:2  | Noticed a starcursed mass
 27792 | Abyss:2  | Killed from afar by a starcursed mass

Illustrated notes

Levels and vault maps discovered:
D:1:      lemuel_arrival_muddy, layout_rooms, shapermc_ecumenical_altar_ellora
D:2:      layout_loops_ring, uniq_natasha, uniq_jessica
D:3:      layout_basic, gammafunk_ghost_stat_death,
          chequers_serial_rivers_small_3, guppyfry_early_lair_pool
D:4:      layout_loops_cross, minmay_temple_entry_junction, serial_shops, shop,
          minmay_close_crescents
D:5:      layout_loops_cross, portal_sewer_entry_a,
          minmay_misc_feat_secret_circle, uniq_crazy_yiuf_cottage
D:6:      layout_basic, demons_altar, slow_altar_2, enter_ossuary_4,
          grunt_ministairs_6, chequers_serial_rivers_marsh,
          chequers_serial_rivers_small_3, kennysheep_generic_room_8, uniq_pikel,
          uniq_eustachio
D:7:      layout_basic, gammafunk_temple_of_torment,
          eat_drink_and_be_merry_uskayaw, chequers_serial_rivers_micro_e,
          chequers_serial_rivers_room_b, minivault_4, small_statue_intersection,
          chequers_serial_rivers_room_a, columned_hall_lemuel,
          minmay_mini_ossuary
D:8:      layout_basic, mainiacjoe_overflow_alcove_1,
          mainiacjoe_overflow_catwalk, erik_lair_island, serial_shops, shop,
          uniq_psyche, uniq_joseph
D:9:      layout_irregular_city, worldfamousw_hep_ancestral_shrine, orc_0_dummy,
          amcnicky_mini_rare_corridor_liquid, nicolae_letterblocks
          [nicolae_letter_subblock, nicolae_letter_subblock,
          nicolae_letter_subblock, nicolae_letter_subblock,
          nicolae_letter_subblock, nicolae_letter_subblock,
          nicolae_letter_subblock, nicolae_letter_subblock,
          nicolae_letter_subblock, nicolae_letter_subblock,
          nicolae_letter_subblock, nicolae_letter_subblock,
          nicolae_letter_subblock, nicolae_letter_subblock,
          nicolae_letter_subblock, nicolae_letter_subblock,
          nicolae_letter_subblock, nicolae_letter_subblock,
          nicolae_letter_subblock, nicolae_letter_subblock,
          nicolae_letter_subblock, nicolae_letter_subblock,
          nicolae_letter_subblock, nicolae_letter_subblock,
          nicolae_letter_subblock], uniq_maggie
D:10:     layout_cave_pools, lemuel_doored_altar, lemuel_coloured_pillars_altar,
          serial_shops, kennysheep_mini_moat, uniq_josephine, uniq_sonja
Abyss:2:  base:
D:5

Skill      XL: |  1  2  3  4  5  6  7  8  9 10 11 |
---------------+----------------------------------+-----
Stealth        | 2 3 4 5 7 |  7.1
Dodging        | 3 4 5 6 8 9 |  9.4
Short Blades   | 4 5 7 |  7.7
Fighting       | 4 6 7 9 10 | 10.2
Shapeshifting  | 1 2 3 4 6 |  6.7
Evocations     | 1 2 |  2.8

Action                     |  1- 3 |  4- 6 |  7- 9 | 10-12 || total
---------------------------+-------+-------+-------+-------++-------
  Melee: Short sword       |    51 |   193 |   240 |   193 ||   677
         Constrict         |    11 |    37 |    57 |    33 ||   138
         Tentacles         |     6 |    27 |    57 |    40 ||   130
         Kick              |     3 |    31 |       |       ||    34
         Punch             |       |       |     5 |     2 ||     7
  Evoke: Wand              |       |     1 |     3 |    20 ||    24
    Use: Scroll            |     1 |     3 |     9 |     3 ||    16
         Potion            |       |     3 |     1 |     6 ||    10
   Stab: Sleeping          |     5 |    22 |    14 |     5 ||    46
         Distracted        |       |     1 |     1 |       ||     2
         Confused          |       |       |       |     1 ||     1
 Armour: Skin              |     6 |    16 |    25 |    37 ||    84
  Dodge: Dodged            |    27 |   106 |   163 |   144 ||   440

Table legend: (Time is in decaauts)
 A = Elapsed time spent in this place.
 B = Non-inter-level travel time spent in this place.
 C = Inter-level travel time spent in this place.
 D = Time resting spent in this place.
 E = Time spent auto-exploring this place.
 F = Levels seen in this place.
 G = Mean time per level.
                   A        B        C        D        E       F      G
               +--------+--------+--------+--------+--------+-----+--------+
         Total |  27778 |  27352 |    426 |  19321 |   6003 |  13 | 2136.8 |
       Dungeon |  26846 |  26420 |    426 |  19081 |   5661 |  10 | 2684.6 |
         Abyss |    288 |    288 |      0 |    149 |     29 |   1 |  288.0 |
         Sewer |    478 |    478 |      0 |     91 |    230 |   1 |  478.0 |
       Ossuary |    164 |    164 |      0 |      0 |     83 |   1 |  164.0 |
               +--------+--------+--------+--------+--------+-----+--------+

Top non-repeatable levels by time:
     D:1: 9885 daAuts
     D:4: 8880 daAuts
     D:2: 1285 daAuts
     D:3: 1280 daAuts
     D:5: 1264 daAuts
     D:8: 1192 daAuts
     D:7: 1173 daAuts
     D:6: 911 daAuts
     D:9: 846 daAuts
   Sewer: 478 daAuts
 Abyss:2: 288 daAuts
 Ossuary: 164 daAuts
    D:10: 125 daAuts
